 Dungeon Crawl Stone Soup version 0.31.0-9-g3a7656b989 (webtiles) character file.

Game seed: 3492683285254364678

299 qw the Shooter (level 5, -7/42 HPs)
             Began as a Demigod Hunter on Feb 2, 2024.
             Mangled by an orc wizard
             ... wielding a +1 dagger of electrocution
              (18 damage)
             ... on level 4 of the Dungeon.
             The game lasted 00:00:12 (2763 turns).

qw the Shooter (Demigod Hunter)                     Turns: 2763, Time: 00:00:13

Health: -7/42      AC:  7    Str: 12    XL:     5   Next: 89%
Magic:  7/7        EV: 11    Int: 11    God:
Gold:   29         SH:  0    Dex: 21    Spells: 4/4 levels left

rFire   . . .        a - +0 shortbow
rCold   . . .        (shield currently unavailable)
rNeg    . . .        e - +0 ring mail
rPois   +            (no helmet)
rElec   .            k - +0 cloak
rCorr   .            (no gloves)
SInv    .            f - +0 pair of boots
Will    .....        d - amulet of the acrobat
Stlth   +            h - ring of poison resistance
HPRegen 0.27/turn    (no ring)
MPRegen 0.10/turn

%: acrobat
@: no status effects
A: high MP 1, forlorn, divine attributes
a: no special abilities


You were on level 4 of the Dungeon.
You visited 1 branch of the dungeon, and saw 4 of its levels.

You collected 116 gold pieces.
You spent 87 gold pieces at shops.


Innate Abilities, Weirdness & Mutations

You have an increased reservoir of magic. (+10% MP)
You shall have no god before yourself.
Your divine heritage dramatically boosts your attributes as you level up.


   Skills:
 + Level 2.4 Fighting
 - Level 6.0 Ranged Weapons
 - Level 1.4 Armour
 - Level 2.4 Dodging
 - Level 0.8 Stealth


You had 4 spell levels left.
You didn't know any spells.
Your spell library was empty.

Inventory:

Hand Weapons
 a - a +0 shortbow (weapon)
Armour
 e - a +0 ring mail (worn)
 f - a +0 pair of boots (worn)
 k - a +0 cloak (worn)
Jewellery
 d - an amulet of the acrobat (around neck)
 h - a ring of poison resistance (left hand)
Wands
 i - a wand of flame (17)
Scrolls
 b - a scroll of revelation {unknown}
Potions
 g - a potion of mutation
 l - a potion of might

Dungeon Overview and Level Annotations

Branches:
Dungeon (4/15)
 Temple: D:4-7

Shops:
D:2 *   D:3 ?


Message History

The puff of flame hits you.
You hear some strange, mumbled words.
You are confused.
2756 ||| DRINKING 2 potions of curing.
You feel better.
2756 ||| (to cure confusion)
The orc priest barely misses you.
The orc wizard hits you but does no damage.
Something hits you but does no damage.
You are electrocuted!!
You shoot an arrow. The arrow hits the orc wizard!
You kill the orc wizard!
Something hits you but does no damage. The orc priest barely misses you.
Your Ranged Weapons skill increases to level 6!
You shoot an arrow. The arrow hits the orc priest.
The orc priest is moderately wounded.
You hear some strange, mumbled words.
Something tries to affect you, but you resist.
The orc priest hits you with a +0 whip.
The orc priest miscasts a cantrip.
You hear some strange, mumbled words.
You are confused.
2759 ||| DRINKING potion of curing.
You feel better.
2759 ||| (to cure confusion)
You hear some strange, mumbled words.
A magic dart appears from out of thin air!
The magic dart hits you!
The orc priest hits you but does no damage.
You shoot an arrow. The arrow hits the orc priest!
The orc priest is almost dead.
Something hits you but does no damage.
The orc priest hits you but does no damage.
You shoot an arrow. The arrow hits the orc priest!
You kill the orc priest!
You hear some strange, mumbled words.
A puff of flame appears from out of thin air!
The puff of flame hits you!
You shoot an arrow. Something hits you but does no damage.
You shoot an arrow. Something hits you but does no damage.
You are electrocuted!!
You die...

... #. #... ##.. #..
###.. #. ##... ...#
###.. #....# #..#
.#... ..?)..# #..#
#.....
......)####[.##
#......
#){@##....##.......
###)...............
##[...##.........
..###..####........
.....###.##.........#
...#..##.............
...##....####.....>..
#...#....###.........
#........##........#.


There were no monsters in sight!

Vanquished Creatures
  2 orc priests (D:4)
  Natasha (thrice) (D:2)
  An orc wizard (D:4)
  3 gnolls (D:2)
  4 adders
  3 dart slugs
  A ribbon worm (D:2)
  7 orcs
  6 ball pythons
  4 bats
  2 endoplasms
  3 giant cockroaches
  3 goblins
  8 hobgoblins
  3 quokkas
  5 frilled lizards
  5 kobolds
  3 rats
66 creatures vanquished.

Notes
Turn   | Place    | Note
-------+----------+-------------------------------------------
     0 | D:1      | qw the Demigod Hunter began the quest for the Orb.
     0 | D:1      | Reached XP level 1. HP: 17/17 MP: 3/3
     0 | D:1      | 0 ||| qw: Version: 0.3-a-155-g5e7d8dd
     0 | D:1      | 0 ||| qw: Game counter: 47
     0 | D:1      | 0 ||| qw: Melee chars always use a shield: true
     0 | D:1      | 0 ||| qw: God list: Okawaru
     0 | D:1      | 0 ||| qw: Allow faded altars: false
     0 | D:1      | 0 ||| qw: Do Orc after clearing Dungeon:15 true
     0 | D:1      | 0 ||| qw: Do second Lair branch before Depths: true
     0 | D:1      | 0 ||| qw: Lair rune preference: random
     0 | D:1      | 0 ||| qw: Goals: Normal
     0 | D:1      | 0 ||| PLANNING D:1-11
   220 | D:1      | Reached skill level 4 in Ranged Weapons
   281 | D:1      | Reached XP level 2. HP: 24/24 MP: 4/4
   495 | D:1      | 495 ||| UPGRADING to +0 ring mail.
   505 | D:1      | 505 ||| DROPPING +0 leather armour.
   506 | D:1      | 506 ||| UPGRADING to +0 pair of boots.
   511 | D:1      | 511 ||| READING scroll labelled QUETHOODA.
   512 | D:1      | 512 ||| READING scroll labelled VUICUEHUOS.
   512 | D:1      | 512 ||| IDENTIFYING bubbling inky potion
   513 | D:1      | 513 ||| DROPPING scroll of butterflies.
   594 | D:2      | Reached XP level 3. HP: 11/29 MP: 5/5
   594 | D:2      | 594 ||| FLEEEEING.
   595 | D:2      | 595 ||| FLEEEEING.
   596 | D:2      | 596 ||| FLEEEEING.
   598 | D:2      | 598 ||| FLEEEEING.
   599 | D:2      | 599 ||| FLEEEEING.
   600 | D:2      | 600 ||| FLEEEEING.
   601 | D:2      | 601 ||| FLEEEEING.
   602 | D:2      | 602 ||| FLEEEEING.
   603 | D:2      | 603 ||| FLEEEEING.
   604 | D:2      | 604 ||| FLEEEEING.
   605 | D:2      | 605 ||| FLEEEEING.
   606 | D:2      | 606 ||| FLEEEEING.
   607 | D:2      | 607 ||| FLEEEEING.
   608 | D:2      | 608 ||| FLEEEEING.
   609 | D:2      | 609 ||| FLEEEEING.
   610 | D:2      | 610 ||| FLEEEEING.
   611 | D:2      | 611 ||| FLEEEEING.
   612 | D:2      | 612 ||| FLEEEEING.
   613 | D:2      | 613 ||| FLEEEEING.
   614 | D:2      | 614 ||| FLEEEEING.
   615 | D:2      | 615 ||| FLEEEEING.
   616 | D:2      | 616 ||| FLEEEEING.
   617 | D:2      | 617 ||| FLEEEEING.
   619 | D:2      | 619 ||| FLEEEEING.
   620 | D:2      | 620 ||| FLEEEEING.
   621 | D:2      | 621 ||| FLEEEEING.
   622 | D:2      | 622 ||| FLEEEEING.
   623 | D:2      | 623 ||| STAIRDANCE
   794 | D:2      | Reached skill level 5 in Ranged Weapons
   964 | D:2      | Noticed Natasha
   971 | D:2      | 971 ||| ZAPPING wand of flame (20) at 1,1 (Natasha; floor).
   972 | D:2      | 972 ||| ZAPPING wand of flame (19) at 1,1 (Natasha; floor).
   973 | D:2      | 973 ||| ZAPPING wand of flame (18) at 1,1 (Natasha; floor).
   973 | D:2      | Killed Natasha
   974 | D:2      | Reached skill level 1 in Armour
   974 | D:2      | Reached XP level 4. HP: 35/36 MP: 6/6
  1210 | D:2      | Found Midezoot's General Store.
  1210 | D:2      | Noticed Natasha
  1216 | D:2      | Killed Natasha
  1247 | D:2      | 1247 ||| BUYING +0 cloak (45 gold).
  1247 | D:2      | Bought a +0 cloak for 45 gold pieces
  1247 | D:2      | 1247 ||| BUYING scroll of identify (20 gold).
  1247 | D:2      | Bought a scroll of identify for 20 gold pieces
  1574 | D:2      | Noticed Natasha
  1577 | D:2      | Killed Natasha
  1694 | D:2      | 1694 ||| UPGRADING to +0 cloak.
  1699 | D:2      | 1699 ||| READING 2 scrolls of identify.
  1699 | D:2      | 1699 ||| IDENTIFYING orange potion
  1700 | D:2      | 1700 ||| READING scroll of identify.
  1700 | D:2      | 1700 ||| IDENTIFYING 2 puce potions
  1701 | D:2      | 1701 ||| READING scroll labelled TOJEKAEWYDGH.
  1765 | D:2      | 1765 ||| READING scroll labelled JAEPLUO IHOAR.
  1766 | D:2      | 1766 ||| READING scroll labelled TUISTO NENIU.
  1807 | D:3      | Found Risac's Magic Scroll Shop.
  1815 | D:3      | 1815 ||| BUYING scroll of identify (22 gold).
  1815 | D:3      | Bought a scroll of identify for 22 gold pieces
  1815 | D:3      | 1815 ||| SHOPLISTING scroll of identify (22 gold, have 10).
  1902 | D:3      | Reached XP level 5. HP: 39/41 MP: 7/7
  2468 | D:3      | 2468 ||| UPGRADING to amulet of the acrobat.
  2473 | D:3      | 2473 ||| UPGRADING to ring of poison resistance.
  2474 | D:3      | 2474 ||| DROPPING ring of wizardry.
  2475 | D:3      | 2475 ||| READING 2 scrolls of identify.
  2475 | D:3      | 2475 ||| IDENTIFYING 2 smoky black potions
  2476 | D:3      | 2476 ||| READING scroll of identify.
  2476 | D:3      | 2476 ||| IDENTIFYING scroll labelled WOCOUP KORI
  2477 | D:3      | 2477 ||| READING scroll labelled PIAFOULAPH.
  2478 | D:3      | 2478 ||| DROPPING scroll of poison.
  2479 | D:3      | 2479 ||| DROPPING 2 potions of lignification.
  2511 | D:4      | 2511 ||| STAIRDANCE
  2515 | D:4      | 2515 ||| STAIRDANCE
  2618 | D:4      | 2618 ||| STAIRDANCE
  2674 | D:4      | 2674 ||| STAIRDANCE
  2756 | D:4      | 2756 ||| DRINKING 2 potions of curing.
  2756 | D:4      | 2756 ||| (to cure confusion)
  2758 | D:4      | Reached skill level 6 in Ranged Weapons
  2759 | D:4      | 2759 ||| DRINKING potion of curing.
  2759 | D:4      | 2759 ||| (to cure confusion)
  2761 | D:4      | HP: 10/41 [something/puff of flame (11)]
  2763 | D:4      | Mangled by an orc wizard

Levels and vault maps discovered:
D:1:      roderic_crop_circles_arrival_small, layout_rooms,
          kennysheep_small_spiral
D:2:      layout_basic, shapermc_ecumenical_altar_pompeii, serial_shops, shop,
          minmay_quadrilaterals, uniq_natasha
D:3:      layout_loops_ring, serial_shops, nicolae_shop_tiny_statue_garden
D:4:      layout_layer_cave, minmay_temple_entry_statues_pillars

Skill      XL: |  1  2  3  4  5 |
---------------+----------------+-----
Ranged Weapons | 4 5 6 |  6.0
Fighting       | 2 |  2.4
Armour         | 1 |  1.4
Dodging        | 2 |  2.4
Stealth        | |  0.8

Action                     |  1- 3 |  4- 6 || total
---------------------------+-------+-------++-------
   Fire: Shortbow          |   110 |   135 ||   245
  Evoke: Wand              |     3 |       ||     3
    Use: Scroll            |     2 |     8 ||    10
         Potion            |       |     2 ||     2
 Armour: Leather armour    |     7 |       ||     7
         Ring mail         |    20 |    75 ||    95
  Dodge: Dodged            |    46 |    54 ||   100

Table legend:
 A = Non-vault XP
 B = Vault XP
 C = Vault XP percentage of total XP
 D = Non-vault monster count
 E = Vault monster count
 F = Vault count percentage of total count
                 A         B        C        D         E       F
            +---------+---------+-------+---------+---------+-------
      Total |     382 |      46 |  10.7 |      60 |       6 |   9.1
            +---------+---------+-------+---------+---------+-------
        D:1 |      27 |       0 |   0.0 |      15 |       0 |   0.0
        D:2 |     148 |      46 |  23.7 |      17 |       6 |  26.1
        D:3 |      82 |       0 |   0.0 |      23 |       0 |   0.0
        D:4 |     125 |       0 |   0.0 |       5 |       0 |   0.0
            +---------+---------+-------+---------+---------+-------
